 Dungeon Crawl Stone Soup version 0.21-a0-414-gba8bdf1 (webtiles) character file.

6927 TheDeThijs the Spear-Bearer (level 11, -2/92 HPs)
             Began as a Merfolk Gladiator on Nov 1, 2017.
             Was a Priest of Dithmenos.
             Slain by a green ugly thing (14 damage)
             ... on level 9 of the Dungeon on Nov 2, 2017.
             The game lasted 00:48:18 (10060 turns).

TheDeThijs the Spear-Bearer (Merfolk Gladiator)    Turns: 10060, Time: 00:48:19

Health: -2/92      AC:  9    Str: 17    XL:     11   Next: 7%
Magic:  11/11      EV: 21    Int:  7    God:    Dithmenos [***...]
Gold:   487        SH:  0    Dex: 18    Spells: 10/10 levels left

rFire    + . .     SeeInvis .   a - +0 trident
rCold    + . .     Gourm    .   (no shield)
rNeg     . . .     Faith    .   b - +0 leather armour
rPois    +         Spirit   .   c - +0 helmet
rElec    +         Reflect  .   (no cloak)
rCorr    +         Harm     .   D - +2 pair of gloves {Dex+3}
MR       .....                  (no boots)
Stlth    +++++.....             k - amulet of magic regeneration
HPRegen  0.25/turn              G - ring of stealth
MPRegen  0.37/turn              E - +2 ring of protection

@: resistant, very slightly contaminated, wreathed by umbra
A: change form in water, swift swim, stealthy swim, blurry vision 1, clumsy 1,
mutation resistance 1
a: Shadow Step, Renounce Religion


You were on level 9 of the Dungeon.
You worshipped Dithmenos.
Dithmenos was most pleased with you.
You were not hungry.

You visited 2 branches of the dungeon, and saw 10 of its levels.

You collected 487 gold pieces.

Inventory:

Hand Weapons
 a - a +0 trident (weapon)
 I - a +1 spear
Missiles
 y - 196 stones (quivered)
Armour
 b - a +0 leather armour (worn)
 c - a +0 helmet (worn)
 h - a +0 pair of gloves
 z - a cursed -1 ring mail
 D - a +2 pair of gloves of dexterity (worn)
Jewellery
 k - an amulet of magic regeneration (around neck)
 r - an uncursed ring of protection from magic
 E - a +2 ring of protection (right hand)
 G - a ring of stealth (left hand)
 H - an uncursed amulet of the gourmand {unknown}
Wands
 s - a wand of lightning (7/15)
 A - a wand of polymorph (24/24)
 K - a wand of lightning (6/15)
Scrolls
 d - a scroll of brand weapon {unknown}
 g - 3 scrolls of teleportation
 i - 5 scrolls of identify
 j - 2 scrolls of fog
 l - 4 scrolls of magic mapping
 t - 5 scrolls of remove curse
 u - 2 scrolls of recharging
Potions
 n - 2 potions of cancellation
 p - 3 potions of brilliance
 v - 2 potions of haste
 w - 2 potions of lignification
 C - 2 potions of curing
 F - a potion of flight
Books
 e - a book of Debilitation

   Spells                             Type                      Level
   a - Corona                         Hexes                        1
   b - Slow                           Hexes                        2
   c - Inner Flame                    Hexes/Fire                   3
   d - Portal Projectile              Hexes/Translocation          3
   e - Cause Fear                     Hexes                        4
   f - Leda's Liquefaction            Hexes/Earth                  4
 B - a book of Battle

   Spells                             Type                      Level
   a - Infusion                       Charms                       1
   b - Shroud of Golubria             Charms/Translocation         2
   c - Song of Slaying                Charms                       2
   d - Spectral Weapon                Hexes/Charms                 3
   e - Regeneration                   Charms/Necromancy            3
Comestibles
 f - 9 bread rations
 o - 6 royal jellies
 q - 10 meat rations


   Skills:
 + Level 10.5 Fighting
 - Level 14.0 Polearms
 - Level 2.0 Throwing
 + Level 11.8 Dodging
 + Level 4.3 Stealth


You had 10 spell levels left.
You didn't know any spells.

Dungeon Overview and Level Annotations

Branches:
Dungeon (9/15)             Temple (1/1) D:5
   Lair: D:8-11         Orc: D:9-12

Altars:
Ashenzari
Cheibriados
Dithmenos
Elyvilon
Fedhas
Gozag
Hepliaklqana
Kikubaaqudgha
Makhleb
Nemelex Xobeh
Okawaru
Qazlal
Ru
Sif Muna
Trog
Uskayaw
Vehumet
Wu Jian
Xom
Yredelemnul
Zin
The Shining One

Annotations:
D:2 1 exclusion, Sigmund


Innate Abilities, Weirdness & Mutations

You revert to your normal form in water.
You are very nimble and swift while swimming.
You are very stealthy in the water. (Stealth+)
Scrolls take you a little longer to read.
You are clumsy. (Dex -2)
You are somewhat resistant to further mutation.


Message History

The white ugly thing is heavily wounded.
This wand has 7 charges left.
There is an open door here.
You open the door.
There is an open door here.
Okay, then.
Really read with blurry vision while enemies are nearby?
The white ugly thing basks in your mutagenic energy and changes!
You begin reading the scroll.
You continue reading the scroll.
As you read the scroll of teleportation, it crumbles to dust.
You feel strangely unstable.
Your surroundings seem slightly different.
Okay, then.
The green ugly thing misses you.
There is an open door here.
Really read with blurry vision while enemies are nearby? [Y]es or [N]o only, please.
Really read with blurry vision while enemies are nearby?
The green ugly thing punches you!
You die...

##### ### ############ #...#
#.# # ####..........####.###
#.# ###..'..........@.##...#
$.#
##..##.........u#..'.#.###.#
##.###..........####.#...#.#
##.# #..........# ###u#.#.#
##.# #..........# #...#.#.#
#..# #..........# #.#####.#
'.## #..........# #.#...#.#
### ###'######## #ยง#.#.#.#
# #.# #.u.#...#


You could see a green ugly thing.

Vanquished Creatures
  2 two-headed ogres
  Pikel (D:8)
  The ghost of ohad the Changer, a novice NaTm of Cheibriados (D:5)
  Psyche (D:8)
  Joseph (D:8)
  The ghost of Ontamu the Grappler, a novice VSMo (D:4)
  Grum (D:7)
  A steam dragon (D:6)
  Duvessa (D:7)
  A sky beast (D:9)
  3 orc warriors
  2 phantoms
  2 slaves (D:8)
  6 ogres
  4 wolves
  A centaur (D:5)
  4 bullfrogs
  A water moccasin zombie (D:7)
  2 scorpions
  Dowan (D:7)
  9 killer bees
  3 howler monkeys
  A bullfrog zombie (D:5)
  3 crimson imps (D:5)
  4 hounds
  3 jellies
  3 bullfrog skeletons
  2 orc priests
  2 centaur skeletons
  2 iguanas
  4 worker ants
  A killer bee zombie (D:6)
  A hound zombie (D:8)
  A hound skeleton (D:9)
  A howler monkey skeleton (D:8)
  16 gnolls
  10 adders
  4 shadow imps
  2 oozes
  An adder zombie (D:5)
  An adder skeleton (D:6)
  3 worms
  2 dart slugs
  5 leopard geckos
  18 orcs
  4 giant cockroaches
  2 goblins (D:2)
  5 hobgoblins
  2 jackals (D:6)
  4 quokkas
  9 bats
  7 frilled lizards
  7 kobolds
  2 leopard gecko skeletons (D:5)
  10 rats
191 creatures vanquished.

Vanquished Creatures (others)
  An ogre (D:4)
  A quokka (D:6)
2 creatures vanquished.

Grand Total: 193 creatures vanquished

Notes
Turn   | Place    | Note
-------+----------+-------------------------------------------
     0 | D:1      | TheDeThijs the Merfolk Gladiator began the quest for the Orb.
     0 | D:1      | Reached XP level 1. HP: 16/16 MP: 1/1
    99 | D:1      | Reached XP level 2. HP: 16/22 MP: 2/2
   103 | D:1      | Reached skill level 5 in Polearms
   710 | D:1      | Reached XP level 3. HP: 25/27 MP: 3/3
   721 | D:1      | Reached skill level 6 in Polearms
   739 | D:1      | Reached XP level 4. HP: 14/33 MP: 4/4
  1071 | D:2      | Noticed Sigmund
  1176 | D:2      | Found a shadowy altar of Dithmenos.
  1179 | D:2      | Became a worshipper of Dithmenos the Shadowed
  1593 | D:2      | Reached skill level 7 in Polearms
  1918 | D:2      | Reached skill level 5 in Dodging
  2062 | D:2      | Reached XP level 5. HP: 38/38 MP: 5/5
  2192 | D:3      | Found a snail-covered altar of Cheibriados.
  2325 | D:3      | Reached skill level 8 in Polearms
  2531 | D:3      | Found an opulent altar of Gozag.
  2531 | D:3      | Found a basalt altar of Yredelemnul.
  2608 | D:3      | Reached * piety under Dithmenos
  2619 | D:3      | Found a sacrificial altar of Ru.
  2707 | D:4      | Killed an ogre
  2822 | D:4      | Reached XP level 6. HP: 34/44 MP: 6/6
  2866 | D:4      | Noticed Ontamu's ghost (novice VSMo)
  3392 | D:4      | Found a radiant altar of Vehumet.
  3459 | D:4      | Reached skill level 9 in Polearms
  3628 | D:4      | Reached skill level 10 in Polearms
  3664 | D:4      | Killed Ontamu's ghost
  3664 | D:4      | Reached skill level 11 in Polearms
  3664 | D:4      | Reached XP level 7. HP: 26/50 MP: 7/7
  3699 | D:4      | Found a blossoming altar of Fedhas.
  4027 | D:5      | Entered Level 5 of the Dungeon
  4111 | D:5      | Found a staircase to the Ecumenical Temple.
  4117 | Temple   | Entered the Ecumenical Temple
  4300 | D:5      | Found a hazy altar of Hepliaklqana.
  4331 | D:5      | Noticed ohad's ghost (novice NaTm)
  4384 | D:5      | Reached skill level 12 in Polearms
  4384 | D:5      | Reached XP level 8. HP: 56/56 MP: 8/8
  4459 | D:5      | Killed ohad's ghost
  4459 | D:5      | Reached skill level 13 in Polearms
  5021 | D:5      | Reached ** piety under Dithmenos
  5345 | D:6      | Reached skill level 14 in Polearms
  5405 | D:6      | Reached XP level 9. HP: 54/61 MP: 9/9
  6255 | D:6      | Reached skill level 1 in Stealth
  6675 | D:7      | Noticed Dowan
  6688 | D:7      | Killed Dowan
  6689 | D:7      | Noticed Duvessa
  6705 | D:7      | Killed Duvessa
  6726 | D:7      | Gained mutation: Scrolls take you a little longer to read. [potion of mutation]
  6726 | D:7      | Gained mutation: You are clumsy. (Dex -2) [potion of mutation]
  6726 | D:7      | Gained mutation: You are somewhat resistant to further mutation. [potion of mutation]
  6985 | D:7      | Reached skill level 5 in Fighting
  7528 | D:7      | Reached *** piety under Dithmenos
  7965 | D:8      | Noticed Grum
  7969 | D:8      | Reached XP level 10. HP: 77/79 MP: 10/10
  8219 | D:8      | Found an iron altar of Okawaru.
  8221 | D:8      | Noticed Psyche
  8252 | D:8      | Killed Psyche
  8458 | D:8      | Reached skill level 10 in Dodging
  8853 | D:7      | Killed Grum
  8919 | D:8      | Noticed a two-headed ogre
  8924 | D:8      | Noticed Joseph
  8937 | D:8      | Killed a two-headed ogre
  9179 | D:8      | Noticed Pikel
  9203 | D:8      | Killed Pikel
  9294 | D:8      | Killed Joseph
  9378 | D:8      | Reached skill level 10 in Fighting
  9649 | D:8      | Found an iron altar of Okawaru.
  9888 | D:9      | Noticed a two-headed ogre
  9899 | D:9      | Killed a two-headed ogre
  9899 | D:9      | Reached XP level 11. HP: 62/92 MP: 11/11
 10006 | D:9      | Noticed a white ugly thing
 10007 | D:9      | Upgraded the game from 0.21-a0-405-gf2af9a1 to 0.21-a0-414-gba8bdf1
 10060 | D:9      | Slain by a green ugly thing

Vault maps used:
D:1:      dpeg_arrival_simpleton_c, minmay_tromino_v7
D:2:      lemuel_doored_altar, uniq_sigmund
D:3:      nicolae_overflow_crystal_walls, kennysheep_slug_shrine,
          gammafunk_temple_overflow_statue
D:4:      fiery_altar_vehumet, kennysheep_mini_moat
D:5:      overflow_temple_1_default, minmay_temple_entry_grid, first_bread
D:7:      uniq_duvessa
D:8:      okawaru_trees_1, grunt_ogre_cave, kennysheep_small_circle, uniq_pikel,
          uniq_grum, uniq_joseph, uniq_psyche
D:9:      grunt_ministairs_14, uniq_maurice
Temple:   cyrus_circular_temple

Skill      XL: |  1  2  3  4  5  6  7  8  9 10 |
---------------+-------------------------------+-----
Polearms       | 5 6 7 8 11 12 14 | 14.0
Dodging        | 5 6 7 9 11 | 11.8
Stealth        | 1 4 |  4.3
Fighting       | 7 10 | 10.5
Throwing       | |  2.0

Action                   |  1- 3 |  4- 6 |  7- 9 | 10-12 || total
-------------------------+-------+-------+-------+-------++-------
Melee: Trident           |    73 |   254 |   450 |   350 ||  1127
       Tailslap          |       |     1 |       |       ||     1
Throw: Throwing net      |     1 |     2 |     1 |     1 ||     5
       Stone             |       |     1 |     7 |       ||     8
Evoke: Wand              |       |       |       |     1 ||     1
  Use: Potion            |     1 |     4 |    12 |     4 ||    21
       Scroll            |       |       |    12 |     3 ||    15
 Stab: Sleeping          |       |     4 |     5 |     4 ||    13
       Held in net/web   |       |       |     1 |     1 ||     2
       Distracted        |       |       |     1 |       ||     1
  Eat: Chunk             |       |     6 |     7 |     5 ||    18
       Bread ration      |       |     1 |     1 |       ||     2
       Meat ration       |       |       |       |     1 ||     1
Armor: Leather armour    |    19 |    30 |    67 |    38 ||   154
Dodge: Dodged            |    50 |   118 |   271 |   224 ||   663

Table legend:
 A = Spawn XP
 B = Non-spawn XP
 C = Spawn XP percentage of total XP
 D = Spawn monster count
 E = Non-spawn monster count
 F = Spawn count percentage of total count
 G = Total turns spent on level
                    A         B        C        D         E        F      G
               +---------+---------+-------+---------+---------+-------+---------
         Total |       0 |    9897 |   0.0 |       0 |     189 |   0.0 | 10060
               +---------+---------+-------+---------+---------+-------+---------
           D:1 |       0 |      97 |   0.0 |       0 |      27 |   0.0 |  1292
           D:2 |       0 |      68 |   0.0 |       0 |      18 |   0.0 |   835
           D:3 |       0 |     138 |   0.0 |       0 |      20 |   0.0 |  1024
           D:4 |       0 |     606 |   0.0 |       0 |      13 |   0.0 |  1138
           D:5 |       0 |    1301 |   0.0 |       0 |      21 |   0.0 |  1557
           D:6 |       0 |     905 |   0.0 |       0 |      16 |   0.0 |  1268
           D:7 |       0 |    1848 |   0.0 |       0 |      36 |   0.0 |  1297
           D:8 |       0 |    3724 |   0.0 |       0 |      32 |   0.0 |  1358
           D:9 |       0 |    1210 |   0.0 |       0 |       6 |   0.0 |   238
               +---------+---------+-------+---------+---------+-------+---------
